[Event "Late-Titled-Tuesday-Blitz-February-13-2024"]
[Site "Chess.com"]
[Date "2024.02.13"]
[Round "5"]
[White "traviscottofficial"]
[Black "JackRodgers"]
[Result "0-1"]
[WhiteElo "2672"]
[BlackElo "2519"]
[TimeControl "180+1"]
[EndTime "14:56:40 PST"]
[Termination "JackRodgers won by resignation"]

1. d4 Nf6 2. c4 c5 3. d5 e5 4. Nc3 d6 5. e4 Be7 6. Bd3 Na6 7. Nge2 h5 8. O-O h4 9. f4 exf4 10. Nxf4 Bg4 11. Qa4+ Bd7 12. Qb3 Rb8 13. Bd2 Ng4 14.
Rae1 Ne5 15. Be2 Bg5 16. a3 Nc7 17. Qc2 Qe7 18. Nd3 Bxd2 19. Qxd2 Nxc4 20. Qf4 g5 21. Qf6 Qxf6 22. Rxf6 Ke7 23. Ref1 Rbf8 24. e5 Ne8 25. b3 Nxe5 26. Nxe5 Nxf6 27. Rxf6 dxe5 28. Ne4 b6 29. d6+ Ke8 30. Nxg5 h3 31. Bc4 hxg2 32. Bxf7+ Kd8 33. Kxg2 b5 34. Rf2 Rh4 35. Kg3 Rf4 36.
Rxf4 exf4+ 37. Kf2 Rh8 38. Nf3 a5 39. h4 Bg4 40.
Ne5 Bd1 41. Nc6+ Kd7 42. Nxa5 Kxd6 43. b4 c4 44. a4 Bxa4 45. h5 Ke7 46. Bg6 Bd1 47.
Nc6+ Kf6 48. Nd4 Bxh5 49. Bxh5 Rxh5 50. Kf3 c3 51. Kxf4 Rh4+ 52. Ke3 Rxd4 0-1

[Event "Late-Titled-Tuesday-Blitz-February-13-2024"]
[Site "Chess.com"]
[Date "2024.02.13"]
[Round "5"]
[White "Cristi_Coca"]
[Black "jinxy2009"]
[Result "0-1"]
[WhiteElo "2370"]
[BlackElo "2244"]
[TimeControl "180+1"]
[EndTime "14:56:40 PST"]
[Termination "jinxy2009 won by resignation"]

1. e4 c5 2. c3 Nf6 3. e5 Nd5 4.
Nf3 Nc6 5. Bc4 Nb6 6. Bb3 d5 7. exd6 Qxd6 8. O-O Be6 9. Bxe6 Qxe6 10. d4 cxd4 11.
Nxd4 Nxd4 12. Qxd4 Rd8 13. Qf4 h5 14. Nd2 g6 15.
Nf3 Bh6 16. Qc7 Qd7 17. Qxd7+ Rxd7 18. Bxh6 Rxh6 19. Rad1 h4 20. Rxd7 Kxd7 21. Rd1+ Ke8 22. h3 Rh5 23. Rd4 Rb5 24. b3 g5 25. a4 Rc5 26. c4 f6 27. Kf1 e5 28. Rd6 Ke7 29. Rd1 Nd7 30. Ke2 Rc6 31. Rd5 Nc5 32. Nd2 b6 33.
Kd1 Ne6 34. g3 hxg3 35. fxg3 Nd4 36. g4 Ne6 37. Rd3 Nf4 38. Rf3 Ke6 39. Kc2 Rc8 40.
a5 Rh8 41. axb6 axb6 42. Ne4 Rxh3 43. Rxh3 Nxh3 44. Kc3 Nf4 45. Kb4 f5 46. Nxg5+ Kf6 47. Nh7+ Kg7 48. Ng5 fxg4 49. Ne4 Ne2 50. c5 bxc5+ 51.
Kxc5 g3 52. Ng5 g2 53. Nh3 g1=Q+ 54. Nxg1 Nxg1 55. Kd5 Kf6 56. b4 Ne2 57. Kc4 Nd4 58.
b5 Nxb5 59. Kxb5 Kf5 0-1

[Event "Late-Titled-Tuesday-Blitz-February-13-2024"]
[Site "Chess.com"]
[Date "2024.02.13"]
[Round "5"]
[White "ajeale2"]
[Black "Mops_2004"]
[Result "0-1"]
[WhiteElo "2514"]
[BlackElo "2763"]
[TimeControl "180+1"]
[EndTime "14:56:42 PST"]
[Termination "Mops_2004 won on time"]

1. d4 f5 2. c4 Nf6 3. Nc3 g6 4. h3 d6 5. Nf3 Bg7 6. e3 O-O 7.
Bd3 Nc6 8. d5 Nb4 9. Bb1 e5 10.
dxe6 Bxe6 11. a3 Nc6 12. Qe2 Ne5 13. Nxe5 dxe5 14. O-O e4 15. b3 c6 16. Bb2 a5 17.
Bc2 Nd7 18. Rfd1 Qe7 19. Rd2 Nb6 20. a4 Qb4 21. Na2 Qe7 22. Bxg7 Kxg7 23. Rad1 Rfd8 24. Rxd8 Rxd8 25. Qe1 Rxd1 26. Qxd1 Nd7 27. Qd4+ Kf7 28. Nc3 Qa3 29. Kf1 Qc1+ 30. Qd1 Qxd1+ 31. Nxd1 Ke7 32. Ke2 Kd6 33. Kd2 Kc5 34. Kc3 Nf6 35.
f3 exf3 36. gxf3 f4 37. e4 Bxh3 38. Nf2 Bf1 39. Bd3 Bg2 40. Be2 Nh5 41. Nd3+ Kd6 42. c5+ Ke6 43. b4 axb4+ 44. Kxb4 g5 45. Ka5 Ng3 46.
Bd1 Bf1 47. Bb3+ Kf6 48. Bc4 h5 49. Kb6 h4 50. a5 Bxd3 51. Bxd3 h3 52. e5+ Kxe5 53. Kxb7 h2 54. a6 h1=Q 55. a7 Qxf3 56. Ba6 Qb3+ 57. Kc7 Qf7+ 0-1

[Event "Late-Titled-Tuesday-Blitz-February-13-2024"]
[Site "Chess.com"]
[Date "2024.02.13"]
[Round "5"]
[White "bocah_sakit"]
[Black "Cosi43"]
[Result "1-0"]
[WhiteElo "2474"]
[BlackElo "2603"]
[TimeControl "180+1"]
[EndTime "14:56:42 PST"]
[Termination "bocah_sakit won on time"]

1. e4 c5 2. Nf3 e6 3. Nc3 Nc6 4. Bb5 Nge7 5. O-O a6 6. Bxc6 Nxc6 7. d4 cxd4 8. Nxd4 Qc7 9. Re1 d6 10. Nxc6 bxc6 11. Na4 Be7 12. c4 O-O 13. b3 Bb7 14. Bb2 Rfe8 15. Qg4 Bf8 16. c5 d5 17. e5 a5 18. Bd4 Ba6 19. Re3 Rab8 20. h4 Rb4 21. a3 Rb5 22. h5 Reb8 23. Rb1 R5b7 24. f4 Qd8 25. f5 exf5 26. Qxf5 Re7 27. Rf3 Bc8 28. Qf4 Be6 29. Nb6 Reb7 30. Rc1 Be7 31. Rcc3 h6 32. Rg3 Kh8 33. Be3 Qf8 34. Qd4 Rd8 35. Kh2 Rdb8 36. Qa4 Rc7 37. Qxa5 Rbb7 38. Qb4 Ra7 39. a4 Rcb7 40. Qd4 Ra6 41. Qd2 Raa7 42. Rf3 Bg4 43. Rf2 Bxh5 44. e6 f6 45. Nd7 Rxd7 46.
exd7 Rxd7 47. Bd4 Bd8 48. Kg1 Qf7 49. b4 Ra7 50. Qc2 Bg6 51. Qd1 Qe6 52. Re3 Qg4 53. Qxg4 1-0

[Event "Late-Titled-Tuesday-Blitz-February-13-2024"]
[Site "Chess.com"]
[Date "2024.02.13"]
[Round "5"]
[White "gunslinger222"]
[Black "cande_francisco"]
[Result "0-1"]
[WhiteElo "2257"]
[BlackElo "2483"]
[TimeControl "180+1"]
[EndTime "14:56:42 PST"]
[Termination "cande_francisco won on time"]

1. d4 Nf6 2. Bg5 e6 3. e3 h6 4.
Bxf6 Qxf6 5. Nf3 c5 6. c3 Nc6 7.
Nbd2 cxd4 8. exd4 d5 9. Bd3 Bd6 10. O-O O-O 11. Re1 Bd7 12. Qe2 a6 13. Ne5 Rfd8 14.
Ndf3 Be8 15. g3 b5 16. a4 b4 17. Bxa6 Ne7 18. Bb5 Bxb5 19. axb5 bxc3 20. bxc3 Rab8 21. Reb1 Rb7 22. Nc6 Rc8 23. Nfe5 Bxe5 24. dxe5 Qg6 25.
Nxe7+ Rxe7 26. b6 Rb8 27. Rb4 Reb7 28. Rab1 Qg5 29. f4 Qe7 30. Qe3 Qe8 31. Qc5 Rc8 32.
Qd4 Qc6 33. R1b3 Ra8 34. Kf2 Ra2+ 35. Rb2 Ra3 36. R4b3 Ra5 37. h4 Rc5 38. Ke3 Rc4 39.
Qd3 Qc5+ 40. Kf3 Qg1 41. Ra2 g6 42. Rf2 Qh1+ 43. Rg2 h5 44. Kf2 Qc1 45. Kf3 Rxb6 46. Rxb6 Rxc3 47. Rb8+ Kg7 48. Qxc3 Qxc3+ 49. Kf2 Qd4+ 50.
Kf1 Qd1+ 51. Kf2 d4 52. Rd8 Qd2+ 53. Kg1 Qe3+ 54. Kh2 d3 55. Rd6 Kf8 0-1

[Event "Late-Titled-Tuesday-Blitz-February-13-2024"]
[Site "Chess.com"]
[Date "2024.02.13"]
[Round "5"]
[White "colegiodemadrid"]
[Black "laskakid"]
[Result "0-1"]
[WhiteElo "2554"]
[BlackElo "2417"]
[TimeControl "180+1"]
[EndTime "14:56:45 PST"]
[Termination "laskakid won by resignation"]

1. Nf3 Nf6 2. d4 d5 3. c4 c6 4. Nc3 dxc4 5. e3 Bf5 6. Bxc4 e6 7. Qb3 Qb6 8. h3 Nbd7 9. Bd2 Be7 10. O-O O-O 11.
Rfe1 Bg6 12. e4 Qxb3 13. Bxb3 Nb6 14. a4 a5 15. Ne5 Bb4 16. Nxg6 hxg6 17. f3 Rfd8 18. Be3 Rac8 19. Red1 Na8 20. g4 Nc7 21. Kg2 Na6 22. Bc4 Nc7 23. h4 Kf8 24. Rh1 Ke7 25.
Rad1 Rh8 26. Bg5 Ke8 27. Kg3 Nh7 28. Bf4 Nf6 29. Be5 Kf8 30. Rh2 Nd7 31. Bf4 Nf6 32. Kf2 Ke7 33. Bg5 Kf8 34. Ke3 Nh7 35. Bf4 Nf6 36. Na2 Be7 37. Nc1 b5 38. Bb3 Na6 39. Nd3 Nb4 40. Nxb4 Bxb4 41. Rc1 Ke7 42. Bg5 Kd7 43.
Rhc2 Be7 44. f4 Nxg4+ 45. Kf3 Bxg5 46. hxg5 f5 47. gxf6 Nxf6 48. Rg2 Rh3+ 49. Rg3 Rxg3+ 50. Kxg3 Nxe4+ 51. Kg2 Nd2 52. Bc2 Nc4 53. Bxg6 Nxb2 54. f5 Nxa4 55. fxe6+ Kxe6 56. Re1+ Kd6 57. Bf5 Rf8 58.
Re6+ Kd5 59. Bg4 Rf4 60. Kg3 Rxg4+ 61. Kxg4 Kxe6 62. Kg5 Nc3 0-1

[Event "Late-Titled-Tuesday-Blitz-February-13-2024"]
[Site "Chess.com"]
[Date "2024.02.13"]
[Round "5"]
[White "azikom"]
[Black "DeArron_Fox"]
[Result "0-1"]
[WhiteElo "2695"]
[BlackElo "2528"]
[TimeControl "180+1"]
[EndTime "14:56:47 PST"]
[Termination "DeArron_Fox won on time"]

1. c4 e6 2. Nc3 d5 3. e3 Nf6 4. d4 Be7 5. Nf3 O-O 6. b3 b6 7.
Bb2 Bb7 8. Bd3 Nbd7 9. O-O c5 10.
cxd5 Nxd5 11. Nxd5 Bxd5 12. e4 Bb7 13. d5 exd5 14.
exd5 Bf6 15. Rb1 Bxb2 16. Rxb2 Nf6 17. Rd2 Qd6 18. Bc4 Rfe8 19. a4 Rad8 20. Rd3 Nxd5 21. Qd2 Rd7 22. Rd1 Red8 23. h3 Bc6 24. Qe1 Re7 25.
Qd2 Red7 26. Qg5 h6 27. Qf5 Qf6 28. Qg4 h5 29. Qg3 Nf4 30. Rxd7 Rxd7 31. Rxd7 Bxd7 32. Kh2 g6 33. Ng5 Kg7 34. Nxf7 h4 35. Qf3 Bc6 36. Qg4 Nxg2 37. Ng5 Qf4+ 38. Qxf4 Nxf4 39. Nf7 Kf6 40. Nd6 Bd5 41. Nc8 Bxc4 42. bxc4 Nd3 43. Nxa7 Nb2 44. Nc8 Nxc4 45. Kg2 Ke6 46. Kf3 Kd7 47.
Na7 Nd6 48. Kg4 Kc7 49. Kxh4 c4 50. Kg5 c3 51. Kxg6 c2 52. f4 c1=Q 0-1

[Event "Late-Titled-Tuesday-Blitz-February-13-2024"]
[Site "Chess.com"]
[Date "2024.02.13"]
[Round "5"]
[White "Perecke"]
[Black "C_K_G"]
[Result "0-1"]
[WhiteElo "2517"]
[BlackElo "2170"]
[TimeControl "180+1"]
[EndTime "14:56:47 PST"]
[Termination "C_K_G won by resignation"]

1. e4 c5 2. Nf3 d6 3. d4 cxd4 4. Nxd4 Nf6 5. Nc3 a6 6. Bg5 e6 7. f4 Be7 8. Qf3 Qc7 9. O-O-O Nbd7 10. g4 h6 11. Bxf6 Bxf6 12. h4 b5 13. g5 Bxd4 14.
Rxd4 Bb7 15. Qd1 Ke7 16. Bg2 Nb6 17. f5 hxg5 18. fxe6 fxe6 19. hxg5 Rxh1 20. Qxh1 Qc5 21. Rd3 Qxg5+ 22. Kb1 Nc4 23. Ne2 Rf8 24. Rg3 Qe5 25.
c3 Bxe4+ 26. Bxe4 Qxe4+ 27. Qxe4 Nd2+ 28. Kc2 Nxe4 29. Rxg7+ Rf7 30. Rg4 d5 31. Nd4 Rf2+ 32. Kb3 Kd6 33. Rg6 Nc5+ 34. Ka3 Kd7 35. Rg7+ Kd6 36.
Rg6 Ke7 37. Rg7+ Kf6 38. Rc7 Nd3 39. Rc6 Nxb2 40. Rxe6+ Kf7 41. Rxa6 Nc4+ 42. Kb4 Rb2+ 43. Kc5 Ne3 44. Nc6 Nd1 45. Ne5+ Kg7 46. Kd4 Rd2+ 47. Kc5 Nxc3 48. a3 Ra2 49. Kb4 d4 50. Nd3 Rd2 51. Nc5 Rd1 52. Nb3 Ne4 53. Re6 Ng5 54. Rd6 d3 55.
Kc3 Ne4+ 0-1

[Event "Late-Titled-Tuesday-Blitz-February-13-2024"]
[Site "Chess.com"]
[Date "2024.02.13"]
[Round "5"]
[White "rdarruda"]
[Black "Dubs123"]
[Result "0-1"]
[WhiteElo "2525"]
[BlackElo "2352"]
[TimeControl "180+1"]
[EndTime "14:56:48 PST"]
[Termination "Dubs123 won on time"]

1. d4 Nf6 2. Nf3 e6 3. c4 d5 4. Nc3 dxc4 5. e3 a6 6. Bxc4 b5 7. Be2 Bb7 8. O-O Be7 9. a4 b4 10. Nb1 O-O 11. b3 Nbd7 12. Bb2 c5 13. Nbd2 Nd5 14. Rc1 Rc8 15. Nc4 Bf6 16. Qd2 N7b6 17. Na5 Ba8 18. Bxa6 Rc7 19. Rxc5 Ra7 20. Be2 Nxa4 21.
bxa4 Rxa5 22. Rxa5 Qxa5 23. Bb5 Nc7 24. Ba3 Be7 25. Bb2 Nxb5 26. axb5 Qxb5 27. Rc1 h6 28. Ne5 Bd6 29. Nc4 Qd5 30. f3 Be7 31. Nb6 Qb7 32.
Nxa8 Rxa8 33. e4 Bg5 34. f4 Be7 35. d5 exd5 36. Qxd5 Qxd5 37. exd5 Rd8 38. Rd1 Bc5+ 39. Kf1 f6 40. Ke2 Kf7 41. Kf3 Re8 42. Bd4 Bxd4 43. Rxd4 Rb8 44. Rd2 b3 45. Rb2 Ke7 46. Ke4 Kd6 47.
Kd4 Rb4+ 48. Kc3 Rxf4 49. Rxb3 Kxd5 50. Rb5+ Ke4 51. Rb2 Ke3 52. Ra2 Rf2 53. Ra7 Rxg2 54. h4 f5 55. h5 f4 56. Re7+ Kf2 57. Kd3 f3 58. Rf7 Rg4 59. Rf5 Rg5 60. Rf7 Kg3 61.
Ke3 f2 62. Rf3+ Kg4 63. Rxf2 Kxh5 64. Kf4 Kg6 65. Rd2 Rf5+ 66. Kg4 Rf6 0-1

[Event "Late-Titled-Tuesday-Blitz-February-13-2024"]
[Site "Chess.com"]
[Date "2024.02.13"]
[Round "5"]
[White "kuli4ik"]
[Black "chegueps"]
[Result "1/2-1/2"]
[WhiteElo "2861"]
[BlackElo "2681"]
[TimeControl "180+1"]
[EndTime "14:56:51 PST"]
[Termination "Game drawn by stalemate"]

1. Nf3 Nf6 2. g3 g6 3. b3 Bg7 4.
Bb2 O-O 5. Bg2 d5 6. c4 c6 7. O-O a5 8. Nc3 Na6 9. cxd5 Nxd5 10.
d4 Nxc3 11. Bxc3 Bf5 12. Ne5 Nb4 13. e4 Be6 14. Qe2 Bxe5 15. dxe5 Qd3 16. Qxd3 Nxd3 17. Rfd1 Nb4 18. Rd2 Rfd8 19. Rad1 Rxd2 20. Rxd2 c5 21.
f4 a4 22. f5 gxf5 23. exf5 Bxf5 24. Bxb7 Rb8 25. Bf3 a3 26. Kf2 Bb1 27. Bxb4 cxb4 28. Ke3 Rc8 29. Be4 Rc1 30. Bxb1 Rxb1 31. h4 h5 32. Rd4 Rb2 33. Rxb4 Rxa2 34. Ra4 Ra1 35. Kf4 f6 36. exf6 exf6 37. Kf5 Kg7 38. Ra7+ Kh6 39. Ra6 Kg7 40. Ra7+ Kh6 41. Ra6 a2 42. Kxf6 Kh7 43. Kg5 Rg1 44. Ra7+ Kg8 45. Rxa2 Rxg3+ 46. Kxh5 Rxb3 47.
Kg5 Rb5+ 48. Kg4 Rb4+ 49. Kg3 Rb3+ 50. Kg4 Rb4+ 51. Kg5 Rb5+ 52. Kf6 Rb6+ 53. Kf5 Rb5+ 54. Ke6 Rb6+ 55. Ke5 Kg7 56. Rg2+ Kh6 57. Rg5 Rb5+ 58. Kf4 Rb4+ 59. Kg3 Rb3+ 60. Kg4 Rb4+ 61. Kh3 Rb3+ 62. Rg3 Rxg3+ 63. Kxg3 Kh5 64. Kh3 Kh6 65. Kg4 Kg6 66. h5+ Kh6 67. Kh4 Kh7 68. Kg5 Kg7 69. h6+ Kh7 70. Kh5 Kh8 71. Kg6 Kg8 72. h7+ Kh8 73. Kh6 1/2-1/2

[Event "Late-Titled-Tuesday-Blitz-February-13-2024"]
[Site "Chess.com"]
[Date "2024.02.13"]
[Round "5"]
[White "Bryanl106"]
[Black "mishanick"]
[Result "0-1"]
[WhiteElo "2522"]
[BlackElo "2961"]
[TimeControl "180+1"]
[EndTime "14:56:51 PST"]
[Termination "mishanick won by resignation"]

1. e4 c5 2. Nf3 d6 3. d4 cxd4 4. Nxd4 Nf6 5. Nc3 a6 6. h3 e5 7. Nde2 h5 8. Bg5 Be7 9. Ng3 h4 10. Nf5 Bxf5 11. exf5 Nc6 12. Qd2 Nd4 13. Bxf6 Bxf6 14.
Bc4 Rc8 15. Bd5 b5 16. a3 Nxf5 17. O-O Nd4 18. Qd3 O-O 19. Rfe1 Kh8 20. Re4 g6 21. Rg4 Bg7 22. Qe4 Bh6 23. Rxh4 Kg7 24. Rxh6 Kxh6 25.
f4 Qh4 26. Rf1 f5 27. Qe3 g5 28. fxe5 Nxc2 29. Qb6 Qd4+ 30. Qxd4 Nxd4 31. exd6 Rfd8 32. Rd1 Nc2 33. Bb7 Rb8 34. Bxa6 b4 35. Na4 bxa3 36.
bxa3 Ne3 37. Rd3 f4 38. d7 Nf5 39. Nc5 Rb6 40. Bc4 Rc6 41. Ne6 Rxd7 42. Rxd7 Rxc4 43. Nf8 g4 44. hxg4 Ng3 45. Kf2 Rc1 46. Rh7+ Kg5 47. Ne6+ Kxg4 48. Rg7+ Kf5 49. Nxf4 Kxf4 50. Rf7+ Nf5 51.
g3+ Ke5 52. Rb7 Rc2+ 53. Kf3 Rc3+ 54. Kf2 Nd4 55. a4 Ke4 56. Re7+ Kf5 57. Rd7 Ke5 58. Re7+ Kd6 59. Re3 Rc2+ 60. Kf1 Nf5 61. Rf3 Ke5 62. Kg1 Ke4 63. Rf4+ Ke5 64. Rf3 Ra2 65. g4 Nd4 66.
Rd3 Ke4 67. Rc3 Ne2+ 0-1

[Event "Late-Titled-Tuesday-Blitz-February-13-2024"]
[Site "Chess.com"]
[Date "2024.02.13"]
[Round "5"]
[White "Binary010"]
[Black "andrzej"]
[Result "1-0"]
[WhiteElo "2874"]
[BlackElo "2520"]
[TimeControl "180+1"]
[EndTime "14:56:52 PST"]
[Termination "Binary010 won by checkmate"]

1. e4 e5 2. Nf3 Nf6 3. Nxe5 d6 4. Nf3 Nxe4 5. d4 d5 6. Bd3 Be7 7. O-O Bf5 8. Re1 O-O 9. Nbd2 Nd6 10. Nf1 Bxd3 11. Qxd3 c6 12. Bf4 Na6 13. h4 Nc7 14. h5 Ne6 15. Be5 Re8 16. b3 Bf8 17. Ng3 Ng5 18.
Bxd6 Nxf3+ 19. Qxf3 Qxd6 20. Re3 g6 21. Rae1 Qd7 22. Qe2 Red8 23. c3 Bh6 24. Re7 Qc8 25. Qf3 Rf8 26. c4 dxc4 27. bxc4 Qd8 28. d5 cxd5 29. cxd5 Qa5 30. d6 Rad8 31. d7 Rxd7 32. Rxd7 Qxe1+ 33. Kh2 Qa5 34. Qxb7 Qxa2 35. Qf3 a5 36. Ne4 Qe6 37. g3 Bg7 38. Ra7 Qb6 39. Rd7 a4 40. h6 Bh8 41. Ng5 Qf6 42. Qe3 a3 43. Ra7 Qb2 44. Ne4 Qb4 45. Qf4 Qd4 46. Qf3 Qxa7 47. Nf6+ Bxf6 48. Qxf6 Qxf2+ 49. Qxf2 f5 50.
Qa7 Rf7 51. Qb8+ Rf8 52. Qc7 Rf7 53. Qd8+ Rf8 54. Qe7 Rf7 55. Qe8+ Rf8 56. Qe6+ Rf7 57. Qc8+ Rf8 58. Qb7 Rf7 59. Qb8+ Rf8 60. Qb3+ Rf7 61.
Qxa3 Rf6 62. Qe7 Rf8 63. Qg7# 1-0

[Event "Late-Titled-Tuesday-Blitz-February-13-2024"]
[Site "Chess.com"]
[Date "2024.02.13"]
[Round "5"]
[White "StarkyNZ"]
[Black "BeardedNM"]
[Result "0-1"]
[WhiteElo "2338"]
[BlackElo "2147"]
[TimeControl "180+1"]
[EndTime "14:56:53 PST"]
[Termination "BeardedNM won by resignation"]

1. c4 e6 2. d4 d5 3. Nc3 Nf6 4. Bg5 dxc4 5. e4 c5 6. Nf3 b5 7. e5 h6 8. Bh4 g5 9. Nxg5 hxg5 10. Bxg5 Nbd7 11. a4 cxd4 12. Qxd4 Bc5 13. Qf4 Nh5 14. Qh4 Be7 15. Qe4 Bxg5 16. Qxa8 Nb6 17. Qc6+ Bd7 18. Qe4 a6 19. axb5 axb5 20. Be2 Qc7 21. O-O Bc6 22. Qg4 Qxe5 23. Rfe1 Nf6 24. Qg3 Bf4 25. Qg7 Bxh2+ 26. Kf1 Rh7 27. Bf3 Rxg7 28. Bxc6+ Ke7 29. Rxe5 Bxe5 30. Nxb5 Bxb2 31. Ra7+ Nfd7 32. Ke2 c3 33. Kd3 e5 34. Kc2 Ke6 35. Ra6 Nb8 36. Rxb6 Nxc6 37.
Rxc6+ Kd5 38. Rc8 Rxg2 39. Nxc3+ Bxc3 40. Kxc3 Rxf2 41. Kd3 e4+ 42. Ke3 Rf3+ 43. Ke2 Rf6 44. Rd8+ Ke5 45. Ke3 Rf3+ 46. Ke2 f5 47. Re8+ Kf4 48.
Rh8 Ra3 49. Rh4+ Ke5 50. Rh5 Ra2+ 51. Ke3 Ra3+ 52. Ke2 Kf4 53. Rh8 Ra2+ 54. Ke1 Ke3 55. Rh3+ Kd4 56. Kd1 f4 57. Rh8 f3 58. Rd8+ Ke3 59.
Rb8 Ra1+ 60. Kc2 f2 61. Rb3+ Ke2 0-1

[Event "Late-Titled-Tuesday-Blitz-February-13-2024"]
[Site "Chess.com"]
[Date "2024.02.13"]
[Round "5"]
[White "Inepton_Fermion"]
[Black "JaackCamel"]
[Result "1-0"]
[WhiteElo "2378"]
[BlackElo "2199"]
[TimeControl "180+1"]
[EndTime "14:56:54 PST"]
[Termination "Inepton_Fermion won on time"]

1. d4 d5 2. Nc3 e6 3. e4 Bb4 4. a3 Bxc3+ 5. bxc3 dxe4 6. Qg4 Nf6 7.
Qxg7 Rg8 8. Qh6 c5 9. dxc5 Bd7 10. Ne2 Bc6 11. Bf4 Nbd7 12. Bd6 Qa5 13. Qe3 O-O-O 14. Nd4 Nd5 15. Nb3 Qxc3+ 16. Qxc3 Nxc3 17. Na5 Bd5 18. c6 Nb6 19. Be5 Nca4 20. Nxb7 Bxc6 21. Nxd8 Kxd8 22.
O-O-O+ Kc8 23. Ba6+ Bb7 24. Bxb7+ Kxb7 25. g3 Nc4 26.
Bd6 Nc3 27. Rde1 Nxd6 28. Kb2 Na4+ 29. Kb3 Nc5+ 30. Kb4 Kc6 31. Rb1 Rb8+ 32. Kc3 Na4+ 33. Kd4 Rg8 34. c4 Nc5 35. Rb2 Nf5+ 36. Ke5 Nd7+ 37.
Kxe4 Nd6+ 38. Kd3 Rg4 39. Rc1 Nc5+ 40. Ke2 Re4+ 41. Kf3 f5 42. Rbc2 Rd4 43. Kg2 Rd3 44. h4 Nde4 45. f3 Nd6 46. Re1 Rxa3 47. g4 fxg4 48.
fxg4 a5 49. g5 a4 50. h5 Nde4 51. Rce2 Nxg5 52. h6 Nf7 53. Rf2 Nxh6 54. Rf6 Ra2+ 55. Kh3 Rd2 56. Rxh6 Rd3+ 57. Kg2 Rd4 58. Rc1 Re4 59.
Rxh7 a3 60. Ra7 Re3 61. Ra1 Ne4 62. R7xa3 Re2+ 63. Kf3 1-0

[Event "Late-Titled-Tuesday-Blitz-February-13-2024"]
[Site "Chess.com"]
[Date "2024.02.13"]
[Round "5"]
[White "Goryachkina"]
[Black "MolecularChemist"]
[Result "1/2-1/2"]
[WhiteElo "2698"]
[BlackElo "2905"]
[TimeControl "180+1"]
[EndTime "14:56:57 PST"]
[Termination "Game drawn by repetition"]

1. e4 e5 2. Nf3 Nc6 3. d4 exd4 4. Nxd4 Bc5 5. Be3 Bb6 6. c3 Qf6 7. Be2 Nge7 8. O-O O-O 9. Na3 d5 10. Nxc6 bxc6 11. exd5 cxd5 12. Bxb6 axb6 13. Nb5 c6 14. Nd4 c5 15. Nb5 Rd8 16. Re1 Be6 17. Bd3 Rac8 18. Qh5 h6 19. Rad1 Nc6 20. h3 Qg5 21. Qxg5 hxg5 22.
a3 Kf8 23. Bc2 Rd7 24. Bb3 Rcd8 25. Rd2 Na5 26. Ba2 Nc4 27. Bxc4 dxc4 28. Rxd7 Rxd7 29. Kf1 Bf5 30. Re5 g6 31. g4 Bb1 32. Ke1 Kg7 33.
Re3 Bd3 34. Re8 Bc2 35. Rb8 Rd1+ 36. Ke2 Rb1 37. Nd6 Bd3+ 38. Ke3 Rxb2 39. Ne8+ Kf8 40. Nf6+ Kg7 41. Ne8+ Kh6 42. Nf6 Re2+ 43. Kf3 Re6 44. Ne8 Be2+ 45. Kg3 f5 46. gxf5 gxf5 47. f4 Re3+ 48.
Kf2 gxf4 49. Rxb6+ Kg5 50. Nf6 Bd3 51. Nh7+ Kh5 52. Nf6+ Kg5 53. Nh7+ Kh5 54. Nf6+ Kh4 55. Nd5 Re2+ 56. Kf3 Kg5 57. h4+ Kxh4 58. Nxf4 Re4 59. Rh6+ Kg5 60. Rg6+ Kh4 61. Rh6+ Kg5 62. Rg6+ Kh4 63.
Rh6+ 1/2-1/2

[Event "Late-Titled-Tuesday-Blitz-February-13-2024"]
[Site "Chess.com"]
[Date "2024.02.13"]
[Round "5"]
[White "Alex_Sahakyan2006"]
[Black "karinachess1"]
[Result "1-0"]
[WhiteElo "2871"]
[BlackElo "2677"]
[TimeControl "180+1"]
[EndTime "14:56:59 PST"]
[Termination "Alex_Sahakyan2006 won by resignation"]

1. d4 Nf6 2. c4 e6 3. Nf3 d5 4.
Nc3 Be7 5. Bf4 O-O 6. e3 b6 7.
cxd5 Nxd5 8. Nxd5 Qxd5 9. a3 Ba6 10. Bxa6 Nxa6 11. O-O c5 12. dxc5 Qxd1 13. Rfxd1 Nxc5 14. b4 Ne4 15. Rd7 Bf6 16. Rc1 Bb2 17. Rc4 Nf6 18. Rd3 Rfc8 19. Rxc8+ Rxc8 20. h3 h6 21. Be5 Bxe5 22.
Nxe5 Nd5 23. e4 Nf6 24. f3 a5 25. Rd6 axb4 26. axb4 Rb8 27. b5 g5 28. Kh2 Kg7 29.
Rc6 Rb7 30. h4 Ne8 31. Nc4 Rc7 32. Nxb6 Rb7 33. hxg5 hxg5 34. Kg3 Nc7 35. Kg4 Kg6 36. Nc4 Nxb5 37. Ne5+ Kf6 38. Rc5 Kg7 39. Nc4 f6 40.
e5 Nd4 41. exf6+ Kxf6 42. Nd6 Rb4 43. Ne4+ Kg6 44. Rxg5+ Kf7 45. Ra5 Nf5 46. Kg5 Ne3 47.
Ra7+ Ke8 48. g4 Rb3 49. Kf6 Rb6 50. Ra8+ Kd7 51. Ra7+ Kc8 52. g5 Nd5+ 53. Ke5 Nc7 54. g6 Kd7 55. g7 Rb5+ 56. Kf6 Rf5+ 57. Kg6 Rxf3 58. g8=Q Rf4 59. Ng5 Kd6 60. Rxc7 Rf8 61. Qxf8+ 1-0

[Event "Late-Titled-Tuesday-Blitz-February-13-2024"]
[Site "Chess.com"]
[Date "2024.02.13"]
[Round "5"]
[White "VinzentSpitzl"]
[Black "Rashad_Zeynalli"]
[Result "1-0"]
[WhiteElo "2514"]
[BlackElo "2653"]
[TimeControl "180+1"]
[EndTime "14:56:59 PST"]
[Termination "VinzentSpitzl won by resignation"]

1. e4 e5 2. Nf3 Nc6 3. Bb5 f5 4. Nc3 fxe4 5. Nxe4 d5 6. Nxe5 dxe4 7. Nxc6 Qg5 8. Qe2 Nf6 9. Nxa7+ Kd8 10. Nxc8 Qxg2 11.
Qf1 Qxf1+ 12. Rxf1 Kxc8 13. d3 Bb4+ 14. c3 Bd6 15.
dxe4 Bxh2 16. f3 h5 17. Be3 h4 18. Bc4 Nd7 19. Be6 Ra6 20. Bh3 Rd6 21. Ke2 Kb8 22. Rad1 Nf6 23. Rxd6 Bxd6 24. Bg5 Nh5 25. Ke3 Bc5+ 26. Kd3 Ng3 27. Re1 Rf8 28. f4 Nh5 29. Rf1 Ng3 30. Rf3 Rh8 31. e5 g6 32. Kc4 b6 33. b4 Bg1 34. a4 Kb7 35. Rd3 Rh7 36.
e6 Nf5 37. Rd7 Rh8 38. e7 Nd6+ 39. Kd5 Ne8 40. Rd8 c6+ 41. Ke6 Kc7 42. Kf7 Nd6+ 43.
Kg7 Re8 44. Rxe8 Nxe8+ 45. Kf7 Nd6+ 46. Kf8 Be3 47. e8=Q Nxe8 48. Kxe8 Bd2 49. Bxh4 Bxc3 50. b5 Bd2 51. bxc6 Bxf4 52. Bd7 g5 53. Bf2 g4 54.
Kf7 g3 55. Bg1 Bd2 56. Ke6 Be1 57. Kd5 Bf2 58. Bxf2 gxf2 59. Bh3 Kb8 60. Kd6 Ka7 61. c7 b5 62. c8=Q Kb6 63. Qc6+ Ka7 64. Kc7 1-0

[Event "Late-Titled-Tuesday-Blitz-February-13-2024"]
[Site "Chess.com"]
[Date "2024.02.13"]
[Round "5"]
[White "Agibileg"]
[Black "Konavets"]
[Result "1-0"]
[WhiteElo "2745"]
[BlackElo "3010"]
[TimeControl "180+1"]
[EndTime "14:57:02 PST"]
[Termination "Agibileg won by resignation"]

1. d4 Nf6 2. c4 e5 3. dxe5 Ng4 4.
Nf3 Bc5 5. e3 Nc6 6. Nc3 O-O 7.
Be2 Re8 8. O-O Ngxe5 9. b3 Nxf3+ 10. Bxf3 Ne5 11. Be2 a5 12. Bb2 Ra6 13. Na4 Bf8 14. f4 Ng6 15. Bd3 Rxe3 16. c5 Rc6 17. f5 Ne5 18. Bb5 Rh6 19. Bd4 Qg5 20. Qd2 Rhh3 21.
Bxe3 Rxe3 22. Rae1 Ng4 23. Rxe3 Qxe3+ 24. Qxe3 Nxe3 25. Re1 Nxf5 26. Re8 Ne7 27. Nc3 g6 28. Bc4 b6 29. cxb6 cxb6 30. Nd5 Nxd5 31. Bxd5 Ba6 32. Rb8 Kg7 33. Bc4 Bc5+ 34. Kf1 Bxc4+ 35. bxc4 Kf6 36. Ke2 h5 37. Kd3 d6 38. Ke4 Kg5 39. Rf8 f6 40. Rg8 h4 41. h3 Bb4 42. a4 Bc5 43.
Re8 Bb4 44. Kf3 Bc5 45. Re4 Bb4 46. Rg4+ Kh5 47. Rf4 Kg5 48. Re4 Bc5 49. Ke2 f5 50.
Re6 Bb4 51. Ke3 Bc5+ 52. Kd3 Bb4 53. Kd4 Ba3 54. Kd5 Bc5 55. Kc6 f4 56. Re4 Kf5 57. Re8 Kg5 58. Kd5 f3 59. gxf3 Kf4 60. Re4+ Kg3 61.
Rg4+ Kxh3 62. Rxg6 Be3 63. Ke4 Bf2 64. f4 Bg3 65.
Kf3 Kh2 66. f5 d5 67. cxd5 b5 68. axb5 a4 69. Ra6 1-0

[Event "Late-Titled-Tuesday-Blitz-February-13-2024"]
[Site "Chess.com"]
[Date "2024.02.13"]
[Round "5"]
[White "PepeCuenca"]
[Black "Tolya2"]
[Result "1-0"]
[WhiteElo "2685"]
[BlackElo "2502"]
[TimeControl "180+1"]
[EndTime "14:57:02 PST"]
[Termination "PepeCuenca won by checkmate"]

1. c4 e6 2. Nf3 d5 3. d4 dxc4 4. e3 Nf6 5. Bxc4 c5 6. O-O a6 7.
dxc5 Bxc5 8. Qxd8+ Kxd8 9. Ne5 Ke7 10. Be2 Nbd7 11. Nc4 b6 12. a3 a5 13. Nc3 Ba6 14. Rb1 Bxc4 15. Bxc4 Ne5 16. Bb5 Rhd8 17. b4 axb4 18.
axb4 Bd6 19. f4 Neg4 20. h3 Nh6 21. g4 Nhg8 22. g5 Nd7 23. Rd1 Rac8 24. Ne4 Bb8 25. Bb2 f5 26. Nf2 g6 27. Rd2 Nf8 28. Rbd1 Rxd2 29.
Rxd2 e5 30. Nd3 exf4 31. Nxf4 Kf7 32. Ba4 Ne7 33. Bb3+ Ke8 34. Kg2 Rd8 35. Bf7+ Kxf7 36.
Rxd8 Bxf4 37. exf4 Ne6 38. Rd6 Nxf4+ 39. Kf3 Nxh3 40.
Bf6 Ng8 41. Kg3 Ng1 42. Kf2 Nh3+ 43. Kg3 Ng1 44. Rd7+ Ke6 45. Rb7 Nxf6 46. Rxb6+ Kf7 47. Rxf6+ Kg7 48. Rb6 Ne2+ 49. Kf3 Nd4+ 50. Kf4 h5 51. Rb7+ Kf8 52. Ke5 Nc6+ 53. Kf6 h4 54. b5 Nd8 55. Rh7 Ke8 56. Rxh4 Kd7 57. Rd4+ Kc7 58. Kxg6 Ne6 59. Rc4+ Kd7 60. Kxf5 Ng7+ 61. Ke5 Ne6 62. Rd4+ Ke7 63.
Rg4 Ng7 64. b6 Kd7 65. Rc4 Ne6 66. b7 Nd8 67. b8=Q Nc6+ 68. Rxc6 Kxc6 69. Qd6+ Kb7 70.
g6 Kc8 71. Qe7 Kb8 72. g7 Kc8 73. g8=Q# 1-0